 Dungeon Crawl Stone Soup version 0.21-a0-460-g737a915 (webtiles) character file.

1641 slep the Slasher (level 8, -5/70 HPs)
             Began as a Hill Orc Monk on Nov 20, 2017.
             Slain by a black bear (7 damage)
             ... on level 6 of the Dungeon.
             The game lasted 00:22:06 (4305 turns).

slep the Slasher (Hill Orc Monk)                    Turns: 4305, Time: 00:22:07

Health: -5/70      AC:  9    Str: 16    XL:     8   Next: 99%
Magic:  8/8        EV: 13    Int: 10    God:
Gold:   291        SH:  0    Dex: 13    Spells: 7/7 levels left

rFire    . . .     SeeInvis .   B - +2 falchion
rCold    . . .     Gourm    .   (no shield)
rNeg     + . .     Faith    .   H - +0 ring mail (curse)
rPois    .         Spirit   .   C - +2 hat
rElec    .         Reflect  .   w - scarf {repulsion}
rCorr    .         Harm     .   k - +0 pair of gloves
MR       .....                  (no boots)
Stlth    ++........             (no amulet)
HPRegen  0.21/turn              n - ring of positive energy
MPRegen  0.11/turn              (no ring)

@: repel missiles
A: no striking features
a: no special abilities


You were on level 6 of the Dungeon.
You were not hungry.

You visited 1 branch of the dungeon, and saw 6 of its levels.

You collected 291 gold pieces.

Inventory:

Hand Weapons
 a - a +2 flail of protection
 e - a +4 flail
 m - a +0 dagger of flaming
 t - a +0 flail of holy wrath
 B - a +2 falchion (weapon)
 F - a +3 war axe
Missiles
 i - 25 poisoned needles
Armour
 k - a +0 pair of gloves (worn)
 w - a scarf of repulsion (worn)
 C - a +2 hat (worn)
 H - a cursed +0 ring mail (worn)
Jewellery
 n - a ring of positive energy (left hand)
Scrolls
 d - 5 scrolls of teleportation {unknown}
 f - 2 scrolls of random uselessness {unknown}
 g - a scroll of enchant armour {unknown}
 h - 3 scrolls of remove curse {unknown}
 j - a scroll of immolation {unknown}
 l - 2 scrolls of amnesia {unknown}
 r - a scroll of fear {unknown}
 u - 3 scrolls of identify {unknown}
 x - a scroll of enchant weapon {unknown}
 y - 2 scrolls of magic mapping {unknown}
Potions
 b - a potion of heal wounds {unknown}
 A - a potion of agility
 E - a potion of magic {unknown}
Comestibles
 c - 4 bread rations
 o - 6 meat rations
 q - 2 royal jellies
 s - 12 chunks of flesh
 D - a fruit


   Skills:
 + Level 6.1 Fighting
 + Level 7.6 Long Blades
 + Level 4.2 Maces & Flails
 + Level 4.8 Armour
 + Level 4.3 Dodging
 + Level 3.0 Stealth


You had 7 spell levels left.
You didn't know any spells.

Dungeon Overview and Level Annotations

Branches:
Dungeon (6/15)
 Temple: D:4-7

Altars:
Nemelex Xobeh
Zin

Annotations:
D:4 2 transporters


Message History

* * * LOW HITPOINT WARNING * * *
The black bear claws you but does no damage. x2
You feel better. The black bear misses you.
You riposte.
You hit the black bear.
The black bear is almost dead.
The black bear closely misses you. x2
You closely miss the black bear.
The black bear is almost dead.
The black bear closely misses you. The black bear claws you.
* * * LOW HITPOINT WARNING * * *
The black bear claws you.
* * * LOW HITPOINT WARNING * * *
The black bear bites you.
* * * LOW HITPOINT WARNING * * *
The black bear barely misses you. x2
The black bear closely misses you.
The black bear claws you but does no damage.
The black bear barely misses you. The black bear bites you!
You die...

.)$...##.##+#############
####...#.............##.####
###.#.#....................
..............รท.....##.##..
###.#.#.............##.# .#
..................###.##.#
##.#...#..######..........
#.##...zh# #.......... #
#..##@# #..###.##.# #..##.#
#..# #.# .#
##.##.######..###.##.# ..
..........<).....#
...#####...##..... ....#
#...##.##.. ....# #...##.#
.# ##...# #........ .
..........


You could see a black bear (berserk) and a wight.

Vanquished Creatures
  The ghost of rgaf the Bolt Thrower, a novice FoHu (D:5)
  Menkaure (D:6)
  An ice beast (D:5)
  2 phantoms
  2 ogres
  5 wights (D:4)
  A crimson imp (D:5)
  A centaur zombie (D:5)
  A hound (D:5)
  3 orc priests (D:3)
  Jessica (D:3)
  A bullfrog skeleton (D:5)
  A centaur skeleton (D:5)
  Natasha (thrice) (D:2)
  2 worker ants
  A hound zombie (D:6)
  3 gnolls (D:6)
  6 adders
  A shadow imp (D:4)
  An ooze (D:4)
  6 worms
  3 dart slugs
  5 leopard geckos
  11 orcs
  4 giant cockroaches
  16 goblins
  5 hobgoblins
  A quokka (D:3)
  2 ball pythons
  4 bats
  5 frilled lizards
  9 kobolds
  A quokka skeleton (D:5)
  8 rats
118 creatures vanquished.

Notes
Turn   | Place    | Note
-------+----------+-------------------------------------------
     0 | D:1      | slep the Hill Orc Monk began the quest for the Orb.
     0 | D:1      | Reached XP level 1. HP: 19/19 MP: 1/1
   110 | D:1      | Reached XP level 2. HP: 5/27 MP: 2/2
   159 | D:1      | HP: 1/27 [leopard gecko (1)]
   671 | D:1      | Reached XP level 3. HP: 33/33 MP: 3/3
  1096 | D:2      | Reached skill level 4 in Long Blades
  1254 | D:2      | Noticed Natasha
  1266 | D:2      | Killed Natasha
  1266 | D:2      | Reached XP level 4. HP: 27/40 MP: 4/4
  1370 | D:2      | Noticed Natasha
  1376 | D:2      | Killed Natasha
  1520 | D:2      | Noticed Natasha
  1541 | D:2      | Killed Natasha
  1541 | D:2      | Reached XP level 5. HP: 5/47 MP: 5/5
  1909 | D:3      | Reached skill level 5 in Long Blades
  1909 | D:3      | Reached skill level 1 in Armour
  2093 | D:3      | Reached XP level 6. HP: 42/53 MP: 6/6
  2214 | D:3      | Found a glowing silver altar of Zin.
  2457 | D:3      | Reached skill level 1 in Maces & Flails
  2475 | D:3      | Noticed Jessica
  2480 | D:3      | Killed Jessica
  2698 | D:4      | Reached skill level 5 in Fighting
  2727 | D:4      | Found a transporter.
  2731 | D:4      | Noticed a kobold demonologist
  2787 | D:4      | Found a transporter.
  2879 | D:4      | Noticed a phantom
  2903 | D:4      | Killed a phantom
  2903 | D:4      | Reached XP level 7. HP: 50/61 MP: 7/7
  3351 | D:5      | Entered Level 5 of the Dungeon
  3454 | D:5      | Reached XP level 8. HP: 47/68 MP: 8/8
  3526 | D:5      | Found a sparkling altar of Nemelex Xobeh.
  3585 | D:5      | Noticed rgaf's ghost (novice FoHu)
  3607 | D:5      | Killed rgaf's ghost
  3607 | D:5      | Reached skill level 6 in Long Blades
  3962 | D:5      | Reached skill level 7 in Long Blades
  4204 | D:6      | Noticed Menkaure
  4236 | D:6      | Killed Menkaure
  4296 | D:6      | HP: 2/70 [black bear (3)]
  4305 | D:6      | Slain by a black bear

Vault maps used:
D:1:      dpeg_arrival_boxorama
D:2:      uniq_natasha
D:3:      minmay_diamond_boxcup, lemuel_statue_altar, uniq_jessica
D:4:      gammafunk_wand_slinger, first_bread
D:5:      marbit_many_paths, minmay_ogre_servants
D:6:      nicolae_qazlal_eye_of_the_storm, serial_shops, shop,
          kennysheep_minor_cross, kb_rosetta, uniq_menkaure

Skill      XL: |  1  2  3  4  5  6  7  8 |
---------------+-------------------------+-----
Fighting       | 4 5 6 |  6.1
Long Blades    | 4 5 7 |  7.6
Dodging        | 3 4 |  4.3
Stealth        | 2 3 |  3.0
Armour         | 1 2 3 4 |  4.8
Maces & Flails | 2 4 |  4.2

Action                   |  1- 3 |  4- 6 |  7- 9 || total
-------------------------+-------+-------+-------++-------
Melee: Falchion          |   105 |   103 |   154 ||   362
       Flail             |       |    77 |    37 ||   114
  Use: Potion            |       |     2 |     4 ||     6
 Stab: Sleeping          |     3 |     3 |     2 ||     8
  Eat: Chunk             |     1 |     6 |     5 ||    12
Armor: Robe              |    16 |       |       ||    16
       Ring mail         |     3 |    40 |    65 ||   108
Dodge: Dodged            |    71 |   104 |    96 ||   271
       Rpst.: Falchion   |    25 |    20 |    21 ||    66

Table legend:
 A = Spawn XP
 B = Non-spawn XP
 C = Spawn XP percentage of total XP
 D = Spawn monster count
 E = Non-spawn monster count
 F = Spawn count percentage of total count
 G = Total turns spent on level
                    A         B        C        D         E        F      G
               +---------+---------+-------+---------+---------+-------+---------
         Total |       0 |    2345 |   0.0 |       0 |     118 |   0.0 |  4305
               +---------+---------+-------+---------+---------+-------+---------
           D:1 |       0 |      35 |   0.0 |       0 |      19 |   0.0 |   808
           D:2 |       0 |     158 |   0.0 |       0 |      16 |   0.0 |  1026
           D:3 |       0 |     376 |   0.0 |       0 |      39 |   0.0 |   847
           D:4 |       0 |     481 |   0.0 |       0 |      13 |   0.0 |   939
           D:5 |       0 |    1054 |   0.0 |       0 |      24 |   0.0 |   577
           D:6 |       0 |     241 |   0.0 |       0 |       7 |   0.0 |   108
               +---------+---------+-------+---------+---------+-------+---------
